 Dungeon Crawl Stone Soup version 0.28.0-45-g0d030f2227 (webtiles) character file.

Game seed: 13260211102853954225

362 croobank the Shield-Bearer (level 6, -13/53 HPs)
             Began as a Gnoll Fighter on Apr 3, 2022.
             Mangled by an ogre
             ... wielding a +0 giant spiked club
              (24 damage)
             ... on level 4 of the Dungeon.
             The game lasted 00:06:31 (2725 turns).

croobank the Shield-Bearer (Gnoll Fighter)          Turns: 2725, Time: 00:06:32

Health: -13/53     AC:  7    Str: 18    XL:     6   Next: 66%
Magic:  0/9        EV: 10    Int:  7    God:
Gold:   135        SH:  5    Dex: 11    Spells: 9/9 levels left

rFire   . . .      SeeInvis .   a - +0 war axe
rCold   . . .      Faith    .   c - +0 buckler
rNeg    . . .      Spirit   +   e - +0 scale mail
rPois   .          Reflect  .   (no helmet)
rElec   .          Harm     .   (no cloak)
rCorr   .          Rampage  .   (no gloves)
Will    .....                   (no boots)
Stlth   ..........              o - amulet of guardian spirit
HPRegen 0.17/turn               (no ring)
MPRegen 0.11/turn               (no ring)

@: mighty, flying
A: fangs 1, strong nose, distributed training
a: no special abilities


You were on level 4 of the Dungeon.
You visited 2 branches of the dungeon, and saw 5 of its levels.

You collected 135 gold pieces.

Inventory:

Hand Weapons
 a - a +0 war axe (weapon)
 b - a -1 hunting sling
 z - a +3 short sword
Missiles
 i - 63 bolts
 r - 3 silver boomerangs (quivered)
 s - a boomerang
 t - 35 stones
 w - 5 poisoned darts
 x - 22 arrows
Armour
 c - a +0 buckler (worn)
 e - a +0 scale mail (worn)
Jewellery
 l - an amulet of the acrobat
 o - an amulet of guardian spirit (around neck)
Wands
 y - a wand of flame (22)
Scrolls
 f - a scroll of fear {unknown}
 g - a scroll of vulnerability {unknown}
 k - 3 scrolls of identify {unknown}
 n - a scroll of teleportation {unknown}
 p - a scroll of fog {unknown}
 u - a scroll of enchant armour {unknown}
 v - a scroll of brand weapon {unknown}
Potions
 j - a potion of attraction {unknown}
 m - a potion of mutation {unknown}
 q - a potion of lignification {unknown}


   Skills:
 + Level 6.8 Fighting
 + Level 2.0 Short Blades
 + Level 2.0 Long Blades
 + Level 5.0 Axes
 + Level 2.0 Maces & Flails
 + Level 2.0 Polearms
 + Level 2.0 Staves
 + Level 2.0 Slings
 + Level 2.0 Bows
 + Level 2.0 Crossbows
 + Level 2.0 Throwing
 + Level 6.8 Armour
 + Level 2.0 Dodging
 + Level 2.0 Stealth
 + Level 6.8 Shields
 + Level 2.0 Unarmed Combat
 + Level 2.0 Spellcasting
 + Level 1.6 Conjurations
 + Level 1.6 Hexes
 + Level 1.6 Summonings
 + Level 1.6 Necromancy
 + Level 1.6 Translocations
 + Level 1.6 Transmutations
 + Level 1.6 Fire Magic
 + Level 1.6 Ice Magic
 + Level 1.6 Air Magic
 + Level 1.6 Earth Magic
 + Level 1.6 Poison Magic
 + Level 2.2 Invocations
 + Level 2.0 Evocations


You had 9 spell levels left.
You didn't know any spells.
Your spell library contained the following spells:

 Spells                   Type           Power      Damage    Failure   Level
 Blade Hands              Tmut           1%         N/A       100%        5
 Irradiate                Conj/Tmut      1%         3d14      100%        5
 Dragon Form              Tmut           1%         N/A       100%        7


Dungeon Overview and Level Annotations

Branches:
Dungeon (4/15)             Temple (1/1) D:4

Altars:
Cheibriados
Dithmenos
Elyvilon
Fedhas
Hepliaklqana
Makhleb
Nemelex Xobeh
Qazlal
Trog
Uskayaw
Vehumet
Zin
The Shining One

Shops:
D:1 [


Innate Abilities, Weirdness & Mutations

You have very sharp teeth.
Your uncanny sense of smell can sniff out nearby items.
Your experience applies equally to all skills.


Message History

The iguana is almost dead.
The iguana bites you.
You hit the iguana.
You kill the iguana!
No target in view!
You start resting.
An orc comes into view. It is wielding a +0 dagger.
The orc shouts!
You hear a shout! x2
An orc priest comes into view. It is wielding a +0 flail.
You see here a scorpion corpse.
An ogre comes into view. It is wielding a +0 giant spiked club.
The ogre shouts!
A goblin comes into view. It is wielding a +0 club.
The orc priest mumbles some strange prayers to Beogh against you.
Pain shoots through your body!
You barely miss the orc priest. You barely miss the orc.
The orc hits you with a +0 dagger.
The orc priest mumbles some strange prayers to Beogh against you.
Beogh smites you!
You closely miss the orc priest. You hit the orc but do no damage.
The orc barely misses you.
The orc priest hits you with a +0 flail.
* * * LOW HITPOINT WARNING * * *
The orc hits you but does no damage.
You see here a scorpion corpse.
You feel very mighty all of a sudden.
You closely miss the orc priest. You hit the ogre.
The orc priest barely misses you. The ogre barely misses you.
The orc priest mumbles some strange prayers to Beogh against you.
You barely resist.
Unknown command.
You closely miss the orc priest. You slash the ogre!
The ogre hits you with a +0 giant spiked club!
* * * LOW HITPOINT WARNING * * *
You block the orc priest's attack.
It was a potion of flight.
You feel very buoyant.
You fly up into the air.
The ogre hits you with a +0 giant spiked club!!
You die...

.......#..............
.......+..............
#......#..............
#......#.......÷......
#.....#..............
#...................
#...og.......##+##.
####O######### #o@# ∆
##.##### #†.)..#
#.###....... +.#
..♣♣♣.. ∆ +.# .♣# +.#
.♣ ### .♣ ..


You could see an ogre, an orc priest, an orc and a goblin.

Vanquished Creatures
  A scorpion (D:4)
  A howler monkey (D:4)
  An orc priest (D:4)
  2 iguanas
  An orc wizard (D:2)
  A gnoll (D:1)
  7 adders
  A worm (D:2)
  3 dart slugs
  10 orcs
  5 ball pythons
  6 bats
  4 endoplasms
  2 giant cockroaches
  7 goblins
  8 hobgoblins
  2 jackals (D:2)
  3 quokkas
  3 frilled lizards (D:1)
  3 kobolds
  10 rats
81 creatures vanquished.

Notes
Turn   | Place    | Note
-------+----------+-------------------------------------------
     0 | D:1      | croobank the Gnoll Fighter began the quest for the Orb.
     0 | D:1      | Reached XP level 1. HP: 23/23 MP: 1/1
     2 | D:1      | Found a faded altar of an unknown god.
    58 | D:1      | Reached XP level 2. HP: 29/29 MP: 2/2
   372 | D:1      | Found Udicke's Antique Armour Shop.
   421 | D:1      | Reached XP level 3. HP: 35/35 MP: 3/3
   674 | D:1      | Reached skill level 1 in Invocations
   914 | D:2      | Reached skill level 1 in Short Blades
   914 | D:2      | Reached skill level 1 in Long Blades
   914 | D:2      | Reached skill level 1 in Maces & Flails
   914 | D:2      | Reached skill level 1 in Polearms
   914 | D:2      | Reached skill level 1 in Staves
   914 | D:2      | Reached skill level 1 in Slings
   914 | D:2      | Reached skill level 1 in Bows
   914 | D:2      | Reached skill level 1 in Crossbows
   914 | D:2      | Reached skill level 1 in Throwing
   914 | D:2      | Reached skill level 1 in Dodging
   914 | D:2      | Reached skill level 1 in Stealth
   914 | D:2      | Reached skill level 1 in Unarmed Combat
   914 | D:2      | Reached skill level 1 in Spellcasting
   914 | D:2      | Reached skill level 1 in Evocations
   917 | D:2      | Reached XP level 4. HP: 38/41 MP: 5/5
  1050 | D:2      | Reached skill level 1 in Conjurations
  1050 | D:2      | Reached skill level 1 in Hexes
  1050 | D:2      | Reached skill level 1 in Summonings
  1050 | D:2      | Reached skill level 1 in Necromancy
  1050 | D:2      | Reached skill level 1 in Translocations
  1050 | D:2      | Reached skill level 1 in Transmutations
  1050 | D:2      | Reached skill level 1 in Fire Magic
  1050 | D:2      | Reached skill level 1 in Ice Magic
  1050 | D:2      | Reached skill level 1 in Air Magic
  1050 | D:2      | Reached skill level 1 in Earth Magic
  1050 | D:2      | Reached skill level 1 in Poison Magic
  1362 | D:2      | Reached XP level 5. HP: 34/47 MP: 6/6
  2368 | D:4      | Found a staircase to the Ecumenical Temple.
  2382 | Temple   | Entered the Ecumenical Temple
  2533 | D:4      | Reached XP level 6. HP: 28/53 MP: 5/8
  2669 | D:4      | Reached skill level 5 in Axes
  2725 | D:4      | Mangled by an ogre

Illustrated notes

Levels and vault maps discovered:
D:1:      ncdulo_watergridlock, layout_rooms, serial_shops, nicolae_square_shop,
          ebering_ecumenical_altar_rust
D:2:      minmay_skewed_foursquare, layout_basic
D:3:      layout_rooms
D:4:      layout_gridville, minmay_temple_entry_overgrown,
          minmay_stone_trees_small, grunt_ministairs_9, st_stairs_14,
          kennysheep_donut, minmay_surrounded
Temple:   dshaligram_water_room_temple

Skill      XL: |  1  2  3  4  5  6 |
---------------+-------------------+-----
Invocations    | 1 2 |  2.2
Short Blades   | 1 2 |  2.0
Long Blades    | 1 2 |  2.0
Maces & Flails | 1 2 |  2.0
Polearms       | 1 2 |  2.0
Staves         | 1 2 |  2.0
Slings         | 1 2 |  2.0
Bows           | 1 2 |  2.0
Crossbows      | 1 2 |  2.0
Throwing       | 1 2 |  2.0
Dodging        | 1 2 |  2.0
Stealth        | 1 2 |  2.0
Unarmed Combat | 1 2 |  2.0
Spellcasting   | 1 2 |  2.0
Evocations     | 1 2 |  2.0
Conjurations   | 1 |  1.6
Hexes          | 1 |  1.6
Summonings     | 1 |  1.6
Necromancy     | 1 |  1.6
Translocations | 1 |  1.6
Transmutations | 1 |  1.6
Fire Magic     | 1 |  1.6
Ice Magic      | 1 |  1.6
Air Magic      | 1 |  1.6
Earth Magic    | 1 |  1.6
Poison Magic   | 1 |  1.6
Axes           | 5 |  5.0
Fighting       | |  6.8
Armour         | |  6.8
Shields        | |  6.8

Action                   |  1- 3 |  4- 6 || total
-------------------------+-------+-------++-------
Melee: War axe           |    81 |   149 ||   230
       Bite              |    10 |    10 ||    20
  Use: Potion            |       |     2 ||     2
Armor: Scale mail        |    35 |    58 ||    93
Dodge: Dodged            |    34 |    76 ||   110
Block: Buckler           |    25 |    39 ||    64
